 Dungeon Crawl Stone Soup version 0.17.2 (webtiles) character file.

135 Nekros the Magician (level 4, 0/24 HPs)
             Began as a Deep Elf Wizard on June 7, 2016.
             Killed from afar by an orc wizard (6 damage)
             ... with a puff of flame
             ... on level 3 of the Dungeon.
             The game lasted 00:19:16 (2903 turns).

Nekros the Magician (Deep Elf Wizard)               Turns: 2903, Time: 00:19:16

Health: 0/24       AC:  3    Str:  4    XL:     4   Next: 97%
Magic:  2/14       EV: 12    Int: 24    God:
Gold:   177        SH:  0    Dex: 13    Spells: 6 memorised, 2 levels left

rFire  . . .     SeeInvis .     h - +0 dagger
rCold  . . .     Clarity  .     a - +0 robe
rNeg   . . .     SustAt   .     (no shield)
rPois  .         Gourm    .     b - +0 hat
rElec  .         Spirit   .     f - +0 cloak
rCorr  .         Warding  .     (no gloves)
rMut   .         Stasis   .     (no boots)
MR     .....                    (no amulet)
Stlth  ++........               (no ring)
                                (no ring)

@: very slightly contaminated, not resistant to hostile enchantments, unstealthy
A: no striking features
a: no special abilities


You were on level 3 of the Dungeon.
You were not hungry.

You visited 1 branch of the dungeon, and saw 3 of its levels.

You collected 177 gold pieces.

Inventory:

Hand Weapons
 h - a +0 dagger (weapon)
Missiles
 t - 21 arrows
Armour
 a - a +0 robe (worn)
 b - a +0 hat (worn)
 f - a +0 cloak (worn)
Jewellery
 q - a cursed ring of teleportation {unknown}
 r - an uncursed amulet of guardian spirit {unknown}
 x - a +2 ring of evasion {unknown}
Scrolls
 d - 2 scrolls of remove curse {unknown}
 e - a scroll of amnesia {unknown}
 g - 2 scrolls of blinking {unknown}
 j - 2 scrolls of fear {unknown}
 k - a scroll of magic mapping {unknown}
 l - 2 scrolls of enchant armour {unknown}
 n - a scroll of random uselessness {unknown}
 p - a scroll of immolation {unknown}
Potions
 m - a potion of cancellation {unknown}
 o - 7 potions of curing {unknown}
 s - 2 potions of agility {unknown}
 v - a potion of ambrosia {unknown}
Books
 c - a book of Minor Magic

   Spells                             Type                      Level
   a - Magic Dart                     Conjuration                  1
   b - Blink                          Translocation                2
   c - Call Imp                       Summoning                    2
   d - Repel Missiles                 Charms/Air                   2
   e - Slow                           Hexes                        2
   f - Conjure Flame                  Conjuration/Fire             3
   g - Mephitic Cloud                 Conjuration/Poison/Air       3
 u - a book of Dreams

   Spells                             Type                      Level
   a - Ensorcelled Hibernation        Hexes/Ice                    2
   b - Phase Shift                    Translocation                5
   c - Shadow Creatures               Summoning                    5
   d - Silence                        Hexes/Air                    5
   e - Darkness                       Hexes                        6
   f - Mass Confusion                 Hexes                        6
Comestibles
 i - 2 meat rations
 w - a beef jerky
 z - a bread ration


   Skills:
 - Level 2.4 Dodging
 - Level 2.4 Stealth
 - Level 6.0 Spellcasting
 + Level 4.1 Conjurations
 - Level 1.1 Summonings
 - Level 1.1 Translocations


You had 2 spell levels left.
You knew the following spells:

 Your Spells              Type           Power        Failure   Level  Hunger
a - Magic Dart            Conj           ####         1%          1    None
b - Blink                 Tloc           N/A          10%         2    None
c - Call Imp              Summ           ##......     10%         2    None
d - Conjure Flame         Conj/Fire      ###.....     12%         3    #......
e - Mephitic Cloud        Conj/Pois/Air  ##......     17%         3    #......
f - Ensorcelled Hibernat  Hex/Ice        #.....       12%         2    None


Dungeon Overview and Level Annotations

Branches:
Dungeon (3/15)

Altars:


Message History

Aim: an orc wizard, wielding a dagger and wearing a robe (lightly wounded, fast)
You miscast Mephitic Cloud.
You are very lightly contaminated with residual magic.
You smell something strange.
The orc wizard hits you but does no damage.
You hit the orc wizard but do no damage.
The orc wizard is lightly wounded.
The orc wizard casts a spell at you. The puff of flame hits you!
* * * LOW HITPOINT WARNING * * *
Casting: Mephitic Cloud
Confirm with . or Enter, or press ? or * to list all spells.
You blink.
The orc wizard hits you but does no damage.
Casting: Blink
Confirm with . or Enter, or press ? or * to list all spells.
You blink.
The orc wizard points at you and mumbles some strange words.
The puff of flame hits you!
You die...

# (###..(..#K###
#####........###.>#
......###.....#.#.#
......# ##...#.##.#
..##..###.#.#..##)#
.........##.##.##.# #
..##..............##.#
.###.###.##.##.......# .#
#.# #..#.#.##@.#### ##
#.# #.#...###..#
####.###.##.## #.§#
.............# #.)#
###..#.#†###.###.o#
#..#.#.# #.#.>.§########
#..#.#.# #.#.##........#
#..#.#.###.#.#########.##
#..#.#.....o............#


You could see an orc wizard.

Vanquished Creatures
  A gnoll (D:2)
  2 adders (D:2)
  A worm (D:3)
  3 giant geckos
  4 orcs (D:3)
  A ball python (D:1)
  11 bats
  9 giant cockroaches
  9 goblins
  7 hobgoblins
  2 jackals (D:2)
  7 kobolds (D:1)
  2 quokkas
  3 giant newts
  6 rats
68 creatures vanquished.

Vanquished Creatures (collateral kills)
  Ijyb (D:2)
  An orc (D:3)
  A kobold (D:3)
3 creatures vanquished.

Grand Total: 71 creatures vanquished

Notes
Turn   | Place    | Note
--------------------------------------------------------------
     0 | D:1      | Nekros the Deep Elf Wizard began the quest for the Orb.
     0 | D:1      | Reached XP level 1. HP: 10/10 MP: 7/7
   191 | D:1      | Reached skill level 5 in Spellcasting
   209 | D:1      | Reached XP level 2. HP: 15/15 MP: 5/10
   320 | D:1      | Learned a level 2 spell: Blink
   323 | D:1      | Learned a level 2 spell: Call Imp
   692 | D:1      | Reached XP level 3. HP: 19/19 MP: 7/12
   697 | D:1      | Learned a level 3 spell: Conjure Flame
   701 | D:1      | Learned a level 3 spell: Mephitic Cloud
   884 | D:1      | Reached skill level 6 in Spellcasting
  1485 | D:2      | Reached XP level 4. HP: 24/24 MP: 2/14
  2094 | D:2      | Noticed Ijyb
  2118 | D:2      | Killed Ijyb
  2435 | D:3      | Learned a level 2 spell: Ensorcelled Hibernation
  2903 | D:3      | Killed from afar by an orc wizard

Action                   |  1- 3 |  4- 6 || total
-------------------------+-------+-------++-------
Melee: Dagger            |     7 |    21 ||    28
 Cast: Magic Dart        |   113 |    38 ||   151
       Mephitic Cloud    |     2 |     3 ||     5
       Conjure Flame     |     1 |     1 ||     2
       Ensorcelled Hiber |       |    12 ||    12
       Call Imp          |       |     5 ||     5
       Blink             |       |     3 ||     3
 Stab: Sleeping          |     1 |     9 ||    10
  Eat: Bread ration      |     1 |       ||     1
       Meat ration       |       |     1 ||     1
